 Dungeon Crawl Stone Soup version 0.17-a0-72-gd614ac0 (webtiles) character file.

436 Chiseanne the Magician (level 7, 0/45 HPs)
             Began as an Octopode Wizard on Mar 13, 2015.
             Succumbed to an orc's poison
             ... on level 5 of the Dungeon.
             The game lasted 00:16:27 (6618 turns).

Chiseanne the Magician (Octopode Wizard)            Turns: 6618, Time: 00:16:27

Health: 0/45       AC:  1    Str:  8    XL:     7   Next: 1%
Magic:  18/31      EV: 11    Int: 21    God:
Gold:   239        SH:  3    Dex: 10    Spells: 5 memorised, 6 levels left

rFire  . . .     SeeInvis .     y - staff of power
rCold  . . .     Clarity  .     p - +0 buckler
rNeg   . . .     SustAb   +     b - +0 hat
rPois  .         Gourm    .     (no amulet)
rElec  .         Spirit   .     e - ring of sustain abilities
rCorr  .         Warding  .     F - ring of flight
rMut   .         Stasis   .     (no ring)
MR     .....                    (no ring)
Stlth  +++.......               (no ring)
                                (no ring)
                                (no ring)
                                (no ring)

@: lethally poisoned (0 -> -6), very slightly contaminated, not resistant to
hostile enchantments, fairly stealthy
A: almost no armour, amphibious, 8 rings, constrict 8, camouflage 1, robust 1,
gelatinous body 1
a: Evoke Flight


You were on level 5 of the Dungeon.
You were hungry.

You visited 2 branches of the dungeon, and saw 7 of its levels.

You collected 239 gold pieces.

Inventory:

Hand weapons
 a - a +2 dagger of freezing
 G - a +1 dagger of venom
Missiles
 g - 37 sling bullets
 i - a throwing net (quivered)
 o - 56 arrows
 x - 13 arrows of frost
 E - 28 bolts
Armour
 b - a +0 hat (worn)
 p - a +0 buckler (worn)
Magical staves
 y - an uncursed staff of power (weapon)
Jewellery
 e - a ring of sustain abilities (left tentacle)
 F - a ring of flight (right tentacle)
Scrolls
 f - 5 scrolls of teleportation
 h - a scroll of fog {unknown}
 k - 2 scrolls of remove curse
 l - a scroll of immolation {unknown}
 n - a scroll of amnesia {unknown}
 t - a scroll of magic mapping
 u - a scroll of random uselessness {unknown}
 z - a scroll of enchant armour {unknown}
Potions
 m - a potion of brilliance
 q - 2 potions of magic
 w - a potion of invisibility {unknown}
 A - a potion of cancellation {unknown}
 B - a potion of might {unknown}
 D - a potion of flight {unknown}
Books
 c - a book of Minor Magic

   Spells                             Type                      Level
   a - Magic Dart                     Conjuration                  1
   b - Blink                          Translocation                2
   c - Call Imp                       Summoning                    2
   d - Repel Missiles                 Charms/Air                   2
   e - Slow                           Hexes                        2
   f - Conjure Flame                  Conjuration/Fire             3
   g - Mephitic Cloud                 Conjuration/Poison/Air       3
 s - a Fen Folio

   Spells                             Type                      Level
   a - Corpse Rot                     Necromancy                   2
   b - Stone Arrow                    Conjuration/Earth            3
   c - Leda's Liquefaction            Hexes/Earth                  4
   d - Summon Forest                  Summoning/Translocation      5
   e - Hydra Form                     Transmutation                6
   f - Summon Hydra                   Summoning                    7
Comestibles
 d - 3 bread rations
 r - a slice of pizza
 v - a beef jerky
 C - 2 meat rations


   Skills:
 - Level 2.0 Dodging
 - Level 2.6 Stealth
 * Level 1.4 Shields
 * Level 5.6 Spellcasting
 * Level 4.2 Conjurations
   Level 1.0 Summonings
 - Level 1.0 Translocations


You had 6 spell levels left.
You knew the following spells:

 Your Spells              Type           Power        Failure   Level  Hunger
a - Magic Dart            Conj           ###.         2%          1    None
b - Blink                 Tloc           N/A          17%         2    None
c - Repel Missiles        Chrm/Air       #.....       24%         2    None
d - Conjure Flame         Conj/Fire      ##......     17%         3    ##.....
e - Mephitic Cloud        Conj/Pois/Air  ##......     28%         3    ##.....


Dungeon Overview and Level Annotations

Branches:
Dungeon (6/15)             Temple (1/1) D:4

Altars:
Cheibriados
Dithmenos
Elyvilon
Fedhas
Kikubaaqudgha
Makhleb
Nemelex Xobeh
Okawaru
Qazlal
Sif Muna
Trog
Vehumet
Xom
Yredelemnul
Zin

Annotations:
D:5 1 exclusion


Innate Abilities, Weirdness & Mutations

You cannot wear most types of armour.
You are amphibious.
You can wear up to eight rings at the same time.
You can use your tentacles to constrict many enemies at once.
Your skin changes colour to match your surroundings (Stealth).
Your rubbery body absorbs attacks (AC +1).
You are robust (+10% HP).


Message History

You are more poisoned.
Drink which item? (? for menu, Esc to quit)
You feel better.
The orc hits you with a dagger of venom.
* * * LOW HITPOINT WARNING * * *
You are lethally poisoned!
Drink which item? (? for menu, Esc to quit)
Okay, then.
* * * LOW HITPOINT WARNING * * *
You feel sick.
* * * LOW HITPOINT WARNING * * *
You feel sick.
Drink which item? (? for menu, Esc to quit)
Okay, then.
A crimson imp comes into view.
* * * LOW HITPOINT WARNING * * *
You feel sick.
* * * LOW HITPOINT WARNING * * *
You feel sick.
You die...

# #.#
#.####.##
###...<..%#
#?(b.......#
...........#
.....####..#
. #.S#
...##.####o.#
.....5..@...#
.#>########.#
.# .# .# ##


You could see a water moccasin, a crimson imp and an orc.

Vanquished Creatures
  An ice beast (D:5)
  An orc priest (D:4)
  2 iguanas (D:4)
  3 orc wizards
  A worker ant (D:4)
  A worker ant zombie (D:5)
  5 adders
  3 worms
  An adder skeleton (D:4)
  4 giant geckos
  An ooze (D:2)
  An orc (D:3)
  9 bats
  9 giant cockroaches
  12 goblins
  9 hobgoblins
  2 jackals (D:2)
  7 giant newts
  10 kobolds
  11 rats
93 creatures vanquished.

Vanquished Creatures (others)
  A worker ant (D:4)
  A bat (D:4)
  A giant newt (D:4)
3 creatures vanquished.

Grand Total: 96 creatures vanquished

Notes
Turn   | Place    | Note
--------------------------------------------------------------
     0 | D:1      | Chiseanne, the Octopode Wizard, began the quest for the Orb.
     0 | D:1      | Reached XP level 1. HP: 11/11 MP: 4/4
   408 | D:1      | Reached XP level 2. HP: 17/17 MP: 4/6
   433 | D:1      | Learned a level 2 spell: Blink
   436 | D:1      | Learned a level 2 spell: Repel Missiles
  1355 | D:2      | Reached XP level 3. HP: 19/21 MP: 2/8
  1981 | D:2      | Reached skill level 4 in Spellcasting
  2337 | D:2      | Reached XP level 4. HP: 27/27 MP: 0/11
  2425 | D:2      | Learned a level 3 spell: Conjure Flame
  2429 | D:2      | Learned a level 3 spell: Mephitic Cloud
  3119 | D:3      | Found a shadowy altar of Dithmenos.
  3221 | D:3      | You fall through a shaft for 2 floors!
  3221 | D:5      | Entered Level 5 of the Dungeon
  3221 | D:5      | Found a burning altar of Makhleb.
  3222 | D:5      | Found an iron altar of Okawaru.
  3224 | D:5      | Found an ancient bone altar of Kikubaaqudgha.
  3411 | D:3      | HP: 1/27 [kobold (3)]
  3416 | D:3      | Gained mutation: You are robust (+10% HP). [potion of beneficial mutation]
  4310 | D:4      | Reached XP level 5. HP: 34/34 MP: 13/13
  4914 | D:4      | Reached skill level 1 in Shields
  4914 | D:4      | Reached skill level 5 in Spellcasting
  4914 | D:4      | Reached XP level 6. HP: 12/39 MP: 15/17
  5728 | D:4      | Found a staircase to the Ecumenical Temple.
  5739 | Temple   | Entered the Ecumenical Temple
  5986 | D:5      | Noticed a hungry ghost
  6173 | D:5      | Found a deep blue altar of Sif Muna.
  6486 | D:5      | Reached XP level 7. HP: 45/45 MP: 15/19
  6568 | D:5      | Noticed a water moccasin
  6615 | D:5      | HP: 2/45 [poisoned by an orc]
  6618 | D:5      | Succumbed to an orc's poison

Action                   |  1- 3 |  4- 6 |  7- 9 || total
-------------------------+-------+-------+-------++-------
Melee: Whip              |     6 |       |       ||     6
       Short sword       |     4 |       |       ||     4
       Dagger            |    10 |    61 |       ||    71
 Cast: Magic Dart        |   111 |   146 |     1 ||   258
       Repel Missiles    |     1 |       |       ||     1
       Conjure Flame     |       |     1 |     1 ||     2
       Blink             |       |       |     7 ||     7
  Use: Scroll            |       |    10 |       ||    10
       Potion            |       |     6 |     1 ||     7
 Stab: Sleeping          |       |     1 |       ||     1
  Eat: Chunk             |     4 |    11 |       ||    15
       Fruit             |       |     2 |       ||     2
